 Dungeon Crawl Stone Soup version 0.29.1-15-g9cfb28693d (webtiles) character file.

Game seed: 7282163333584838931

66 Peloso the Trooper (level 3, -2/33 HPs)
             Began as a Minotaur Fighter on Feb 28, 2023.
             Slain by Terence
             ... wielding a +0 mace
              (8 damage)
             ... on level 2 of the Dungeon.
             The game lasted 00:02:25 (1717 turns).

Peloso the Trooper (Minotaur Fighter)               Turns: 1717, Time: 00:02:25

Health: -2/33      AC:  7    Str: 26    XL:     3   Next: 96%
Magic:  2/2        EV:  9    Int:  5    God:
Gold:   44         SH:  4    Dex:  9    Spells: 2/2 levels left

rFire   x . .      SeeInvis .   a - +0 long sword
rCold   + . .      Faith    .   c - +0 buckler
rNeg    . . .      Spirit   .   b - +0 scale mail
rPois   .          Reflect  .   (helmet restricted)
rElec   +          Harm     .   (no cloak)
rCorr   .          Rampage  .   (no gloves)
Will    .....                   (no boots)
Stlth   ..........              (no amulet)
HPRegen 0.11/turn               f - ring "Pitopus" {Ice rElec Str+4}
MPRegen 0.08/turn               (no ring)

@: mighty
A: horns 2, retaliatory headbutt
a: no special abilities


You were on level 2 of the Dungeon.
You visited 1 branch of the dungeon, and saw 2 of its levels.

You collected 44 gold pieces.

Inventory:

Hand Weapons
 a - a +0 long sword (weapon)
Armour
 b - a +0 scale mail (worn)
 c - a +0 buckler (worn)
Jewellery
 f - the ring "Pitopus" (left hand) {Ice rElec Str+4}
   (You found it on level 2 of the Dungeon)

   [ring of ice]

   It enhances your ice magic.
   Str:       It affects your strength (+4).
   rF:        It makes you vulnerable to fire.
   rC:        It protects you from cold.
   rElec:     It insulates you from electricity.
Scrolls
 g - a scroll of torment {unknown}
Potions
 e - a potion of berserk rage {unknown}


   Skills:
 + Level 4.2 Fighting
 + Level 3.4 Long Blades
 + Level 4.2 Armour
 + Level 0.4 Dodging
 + Level 0.1 Stealth
 + Level 4.2 Shields


You had 2 spell levels left.
You didn't know any spells.
Your spell library contained the following spells:

 Spells                   Type           Power      Damage    Failure   Level
 Animate Dead             Necr           0%         N/A       100%        4
 Borgnjor's Vile Clutch   Necr/Erth      0%         N/A       100%        5
 Death Channel            Necr           0%         N/A       100%        6


Dungeon Overview and Level Annotations

Branches:
Dungeon (2/15)

Altars:

Shops:
D:1 (

Annotations:
D:2 Terence


Innate Abilities, Weirdness & Mutations

You have a pair of horns on your head.
You reflexively headbutt those who attack you in melee.


Message History

The dart slug is almost dead.
The dart slug bites you.
You slash the dart slug!
You kill the dart slug!
You see here a dart slug corpse.
Things that are here:
a +0 dagger; a kobold corpse You see here a dart slug corpse.
Terence the Incautious comes into view.
He is wielding a +0 mace.
Terence shouts!
You hear an angry hiss.
Terence is nearby!
Terence is nearby!
You hit Terence but do no damage. Terence hits you with a +0 mace.
An adder comes into view.
Terence drinks a potion.
Terence flickers and vanishes!
Deactivating autopickup; reactivate with Ctrl-A.
You barely miss something.
The adder hisses angrily.
Something hits you.
You barely miss something. Something hits you.
You hit something. Your headbutt misses something.
Something hits you but does no damage.
You closely miss something. Something hits you. x2
You barely miss something. Something hits you.
You closely miss something. Your headbutt misses something. Something hits you.
* * * LOW HITPOINT WARNING * * *
You feel much better. Something hits you but does no damage.
Something hits you. Something hits you. Something hits you!
Something hits you but does no damage. Something hits you!
* * * LOW HITPOINT WARNING * * *
You aren't carrying any items that you can evoke.
Unknown command.
You feel very mighty all of a sudden. Something hits you.
* * * LOW HITPOINT WARNING * * *
You miss something. Your headbutt misses something. Something hits you!
You die...

# ########
########## #.......
#........# #.####..
#.###..#.####.##....
#.###).#.........#..
#.#.†..######.#####.
#.#@##.# #.#####.
#.#{##.# #.......
#..S...# #####...
###.#### #.##
###.#### #.##
#.....S# #.##
#.#.##.# #.##
#.#.##.# #...
#...##.# ......


You could see an adder.

Vanquished Creatures
  An adder (D:2)
  A worm (D:2)
  3 dart slugs
  An endoplasm (D:1)
  3 giant cockroaches
  7 goblins
  2 hobgoblins
  12 jackals
  4 kobolds
  A quokka (D:1)
  A ball python (D:2)
  4 rats
40 creatures vanquished.

Notes
Turn   | Place    | Note
-------+----------+-------------------------------------------
     0 | D:1      | Peloso the Minotaur Fighter began the quest for the Orb.
     0 | D:1      | Reached XP level 1. HP: 19/19 MP: 0/0
    92 | D:1      | Reached XP level 2. HP: 26/27 MP: 1/1
   469 | D:1      | Reached XP level 3. HP: 29/33 MP: 2/2
   532 | D:1      | Found Pugojuem's Antique Weapon Emporium.
   571 | D:1      | Found a faded altar of an unknown god.
  1040 | D:2      | Identified the ring "Pitopus" {Ice rElec Str+4}
  1346 | D:2      | Identified the +1 robe "Vadworr" {rPois rN++ Int-5}
  1690 | D:2      | Noticed Terence
  1717 | D:2      | Slain by Terence

Illustrated notes

Levels and vault maps discovered:
D:1:      eino_arrival_druids_welcome, layout_loops_cross,
          dreamdust_ecumenical_altar_angels_and_demons, serial_shops,
          nicolae_shop_behind_doors
D:2:      layout_loops_cross, uniq_terence

Skill      XL: |  1  2  3 |
---------------+----------+-----
Fighting       | 4 |  4.2
Armour         | 4 |  4.2
Shields        | 4 |  4.2
Long Blades    | 3 |  3.4
Dodging        | |  0.4
Stealth        | |  0.1

Action                   || total
-------------------------++-------
Melee: Long sword        ||    98
       Headbutt          ||    13
  Use: Potion            ||     4
       Scroll            ||     1
Armor: Scale mail        ||    69
Dodge: Dodged            ||    47
Block: Buckler           ||    20
